[Event "Titled Tuesday Blitz April 26 Early 2022"]
[White "Kosteniuk, Alexandra"]
[Black "Al-Tarboush, Ward"]
[WhiteFideId "4128125"]
[BlackFideId "7601450"]
[WhiteElo "2469"]
[BlackElo "2276"]
[Result "0-1"]
[Round "05"]
[TimeControl "180+1"]
[Date "2022.04.26"]
[WhiteClock "0:00:17"]
[BlackClock "0:01:12"]

1. e4 e6 2. d4 d5 3. Nc3 Nf6 4. Bg5 dxe4 5. Nxe4 Be7 6. Bxf6 gxf6 7. Bd3 f5 8. Ng3 c6 9. c3 Nd7 10. Qd2 Nf6 11. O-O-O Qa5 12. Kb1 Bd7 13. Nf3 O-O-O 14. Ne5 Be8 15. Qe2 h5 16. h4 Ng4 17. Nc4 Qc7 18. Rde1 Bf6 19. Rh3 Bg7 20. f3 Nf6 21. Ne5 c5 22. dxc5 Nd5 23. Nxf5 exf5 24. Bxf5+ Kb8 25. Rhh1 Qxc5 26. Qe4 Qb6 27. Ka1 Bc6 28. Nxc6+ Qxc6 29. Qc2 Rhe8 30. Be4 Qc5 31. Bxd5 Qxd5 32. Kb1 Rxe1+ 33. Rxe1 Bf6 34. Qe4 Qxe4+ 35. Rxe4 Rd2 36. Rf4 Bd8 37. g3 Rg2 38. g4 hxg4 39. fxg4 Bxh4 40. Rxf7 Rxg4 41. Kc2 a6 42. Kb3 Rg2 43. a4 Bd8 44. Rd7 Bc7 45. Rd5 Bf4 46. Rd1 Ka7 47. Ka3 Rg6 48. b4 Rg3 49. Kb3 Be5 50. Rc1 b5 51. axb5 axb5 52. Rc2 Kb6 53. Rc1 Re3 54. Rc2 Kc6 55. Rc1 Kd5 56. Rc2 Ke4 57. Rc1 Kf3 58. Rc2 Rd3 59. Rc1 Ke2 60. Kb2 Rxc3 0-1


[Site "https://www.chess.com"]

[Event "Titled Tuesday Blitz April 26 Early 2022"]
[White "Kotepalli, Sai Nirupama"]
[Black "Sailer, Mike"]
[WhiteFideId "5039444"]
[BlackFideId "2012901"]
[WhiteElo "2379"]
[BlackElo "2109"]
[Result "1-0"]
[Round "05"]
[TimeControl "180+1"]
[Date "2022.04.26"]
[WhiteClock "0:01:04"]
[BlackClock "0:00:10"]

1. e4 d5 2. exd5 Qxd5 3. Nc3 Qd6 4. d4 Nf6 5. Nf3 c6 6. Be2 Bg4 7. O-O e6 8. h3 Bh5 9. Ne5 Bxe2 10. Nxe2 Nbd7 11. f4 Be7 12. c3 O-O 13. Qb3 Rab8 14. Ng3 Nb6 15. f5 Nbd5 16. Bd2 b5 17. Rae1 a5 18. Qc2 a4 19. b3 axb3 20. axb3 Ra8 21. Ne4 Nxe4 22. Qxe4 Ra2 23. Rf2 Bf6 24. c4 bxc4 25. bxc4 Ne7 26. fxe6 Qxe6 27. Qb1 Rfa8 28. Ng4 Bxd4 29. Rxe6 Bxf2+ 30. Nxf2 fxe6 31. Bc3 Nf5 32. Qe4 1-0


[Site "https://www.chess.com"]

[Event "Titled Tuesday Blitz April 26 Early 2022"]
[White "Kozak, Adam"]
[Black "Petrovskyi, Vadym"]
[WhiteFideId "753246"]
[BlackFideId "14165210"]
[WhiteElo "2459"]
[BlackElo "2400"]
[Result "1-0"]
[Round "05"]
[TimeControl "180+1"]
[Date "2022.04.26"]
[WhiteClock "0:00:36"]
[BlackClock "0:00:15"]

1. e4 c5 2. Nf3 d6 3. Bb5+ Bd7 4. a4 Nf6 5. Nc3 a6 6. Bxd7+ Qxd7 7. O-O Nc6 8. Re1 e6 9. e5 dxe5 10. Nxe5 Nxe5 11. Rxe5 Bd6 12. Re1 O-O 13. d3 h6 14. a5 Qc6 15. Bd2 Rad8 16. Qe2 Rfe8 17. h3 Bc7 18. Ne4 Nd5 19. Qf3 c4 20. d4 f5 21. Nc5 e5 22. c3 Rf8 23. Qe2 e4 24. Qxc4 Kh8 25. Qf1 Rde8 26. c4 Nf6 27. b4 f4 28. f3 e3 29. Bc3 Nh5 30. Qd3 Bd6 31. d5 Qc7 32. Qg6 Be5 33. Bxe5 Qxe5 34. Nd7 Qd4 35. Nxf8 e2+ 36. Kh2 Ng3 37. Qxe8 Qf2 38. Ng6+ Kh7 39. Nxf4 Nf1+ 40. Rxf1 exf1=Q 41. Rxf1 Qxf1 42. Qe4+ Kg8 43. d6 Qd1 44. Qd5+ 1-0


[Site "https://www.chess.com"]

[Event "Titled Tuesday Blitz April 26 Early 2022"]
[White "Kozak, Antoni"]
[Black "Fernandez Siles, Luis"]
[WhiteFideId "21832030"]
[BlackFideId "2209420"]
[WhiteElo "2236"]
[BlackElo "2212"]
[Result "1-0"]
[Round "05"]
[TimeControl "180+1"]
[Date "2022.04.26"]
[WhiteClock "0:00:52"]
[BlackClock "0:00:17"]

1. d4 Nf6 2. Bf4 g6 3. Nf3 Bg7 4. e3 O-O 5. h3 d6 6. Be2 c5 7. O-O Ne4 8. c3 b6 9. a4 a6 10. Nbd2 Nxd2 11. Nxd2 Bb7 12. Bf3 Nc6 13. Qb3 e5 14. Bg3 exd4 15. exd4 cxd4 16. Nc4 Na5 17. Nxa5 Bxf3 18. gxf3 bxa5 19. Rfd1 dxc3 20. bxc3 Qf6 21. Kg2 Qxc3 22. Qxc3 Bxc3 23. Rac1 Be5 24. Rd5 Bxg3 25. Kxg3 Rac8 26. Rcd1 Rc4 27. Rxa5 Rd8 28. Rxa6 d5 29. a5 d4 30. Rd3 Rc3 31. Rxc3 dxc3 32. Rc6 Ra8 33. a6 c2 34. f4 c1=Q 35. Rxc1 Rxa6 36. Rc7 Ra5 37. Kg4 Kg7 38. Rb7 h5+ 39. Kg3 Ra3+ 40. f3 Ra5 41. Rc7 Ra1 42. f5 g5 43. Rc6 h4+ 44. Kg4 Rg1+ 45. Kh5 Rg3 46. f6+ Kh7 47. Rc7 Rxh3 48. Rxf7+ Kg8 49. Rg7+ Kf8 50. Kg6 Rxf3 51. Rh7 Kg8 52. f7+ Kf8 53. Rh8+ Ke7 54. Re8+ Kd7 55. f8=Q Rxf8 56. Rxf8 h3 57. Kxg5 1-0


[Site "https://www.chess.com"]

[Event "Titled Tuesday Blitz April 26 Early 2022"]
[White "Kuznetsov, Mikhail"]
[Black "Ronka, Erik"]
[WhiteFideId "4117190"]
[BlackFideId "505080"]
[WhiteElo "1981"]
[BlackElo "2264"]
[Result "0-1"]
[Round "05"]
[TimeControl "180+1"]
[Date "2022.04.26"]
[WhiteClock "0:00:01"]
[BlackClock "0:00:26"]

1. Nf3 d5 2. g3 c6 3. Bg2 Bg4 4. Ne5 Bf5 5. O-O Nd7 6. d4 Ngf6 7. c4 e6 8. Nc3 Nxe5 9. dxe5 Nd7 10. cxd5 cxd5 11. Qa4 Be7 12. e4 dxe4 13. Nxe4 O-O 14. Nd6 Bxd6 15. exd6 Nc5 16. Qd4 Rc8 17. Be3 b6 18. Rac1 a5 19. Rc3 Qd7 20. Rfc1 Rcd8 21. a3 a4 22. Rd1 Qb5 23. Qb4 Qe2 24. Rf1 Rxd6 25. Bxc5 bxc5 26. Rxc5 Rd2 27. Qxa4 Rxb2 28. Qd4 Rd2 29. Qc3 Rc2 30. Qb4 Rb2 31. Qd4 h6 32. a4 Rd2 33. Qe5 Qxe5 34. Rxe5 Ra2 35. a5 Rb8 36. Rc5 Rbb2 37. Rc8+ Kh7 38. Ra8 Bd3 39. Rd1 Rxf2 40. Rxd3 Rxg2+ 41. Kh1 Rxh2+ 42. Kg1 Rhg2+ 43. Kh1 Rgd2 44. Rxd2 Rxd2 45. a6 Ra2 46. a7 Kg6 47. Kg1 f5 48. Kh1 Kg5 49. Kg1 g6 50. Kf1 e5 51. Re8 Rxa7 52. Rxe5 Kg4 53. Re3 g5 54. Kg2 f4 55. gxf4 Kxf4 56. Rf3+ Kg4 57. Rg3+ Kf5 58. Rh3 Kg6 59. Rb3 h5 60. Kg3 Ra5 61. Kh3 Kf5 0-1


[Site "https://www.chess.com"]

[Event "Titled Tuesday Blitz April 26 Early 2022"]
[White "Lach, Aleksandra"]
[Black "Seemann, Jakub"]
[WhiteFideId "1134299"]
[BlackFideId "21874697"]
[WhiteElo "2172"]
[BlackElo "2003"]
[Result "0-1"]
[Round "05"]
[TimeControl "180+1"]
[Date "2022.04.26"]
[WhiteClock "0:00:17"]
[BlackClock "0:00:07"]

1. e4 e5 2. Nc3 Nf6 3. d4 exd4 4. Qxd4 Nc6 5. Qd3 Bb4 6. Bd2 O-O 7. O-O-O d6 8. f3 Be6 9. Nd5 Nxd5 10. exd5 Ne5 11. Qb3 Bxd2+ 12. Rxd2 Bd7 13. f4 Ng6 14. g3 Re8 15. Be2 a5 16. a3 a4 17. Qb4 Qe7 18. Nf3 b6 19. Nd4 Qe3 20. Kb1 Ne7 21. Bf3 Nf5 22. Bg2 Nxd4 23. Rxd4 Bf5 24. Qd2 Qxd2 25. Rxd2 Re3 26. Rc1 Rae8 27. Bf1 h5 28. Bb5 R8e4 29. Bd3 Rd4 30. Rcd1 Bxd3 31. Rxd3 Rexd3 32. cxd3 Rxd5 33. Kc2 f6 34. Kc3 g5 35. fxg5 fxg5 36. d4 Kf7 37. Rf1+ Ke6 38. Re1+ Kd7 39. Rf1 Ke6 40. Re1+ Kf5 41. Kc4 c6 42. h3 b5+ 43. Kc3 h4 44. Rf1+ Ke4 45. gxh4 gxh4 46. Rg1 c5 47. Rg4+ Kf3 48. dxc5 Rxc5+ 49. Kb4 Rc4+ 50. Rxc4 bxc4 51. Kxa4 d5 52. Kb4 d4 53. Kxc4 Ke3 54. a4 d3 55. a5 d2 56. a6 d1=Q 57. a7 Qd4+ 0-1


[Site "https://www.chess.com"]

[Event "Titled Tuesday Blitz April 26 Early 2022"]
[White "Legenia, Artem"]
[Black "Dixit, Nikhil"]
[WhiteFideId "14136945"]
[BlackFideId "5059534"]
[WhiteElo "1936"]
[BlackElo "2223"]
[Result "1/2-1/2"]
[Round "05"]
[TimeControl "180+1"]
[Date "2022.04.26"]
[WhiteClock "0:01:20"]
[BlackClock "0:01:34"]

1. b4 Nf6 2. Bb2 g6 3. Nf3 Bg7 4. e3 O-O 5. Be2 b6 6. O-O Bb7 7. a3 d6 8. c4 Nbd7 9. d4 e5 10. Nc3 exd4 11. Nxd4 Ne4 12. Nxe4 Bxe4 13. Qd2 Ne5 14. Rac1 Nc6 15. Rfd1 Nxd4 16. Bxd4 Bxd4 17. Qxd4 Qe7 18. Bf1 Rfe8 19. g3 h5 20. Bg2 Bxg2 21. Kxg2 a5 22. b5 Qe4+ 23. Qxe4 Rxe4 24. Rd4 Rxd4 25. exd4 Re8 26. Kf3 Kg7 27. a4 Kf6 28. h4 Kf5 29. c5 dxc5 30. dxc5 Re4 31. cxb6 cxb6 32. Rc6 Rxa4 33. Rxb6 Rb4 34. Rb7 f6 35. b6 Rb3+ 36. Kg2 a4 37. Ra7 Rxb6 38. Rxa4 Re6 39. Rf4+ Ke5 40. Ra4 f5 41. Kf1 Kf6 42. Kg2 Re4 43. Ra6+ Re6 44. Ra4 Re4 45. Ra6+ Re6 46. Ra4 1/2-1/2


[Site "https://www.chess.com"]

[Event "Titled Tuesday Blitz April 26 Early 2022"]
[White "Leiva, Gianmarco"]
[Black "Nozdrachev, Leonid"]
[WhiteFideId "3804399"]
[BlackFideId "24113433"]
[WhiteElo "2323"]
[BlackElo "2242"]
[Result "1-0"]
[Round "05"]
[TimeControl "180+1"]
[Date "2022.04.26"]
[WhiteClock "0:00:32"]
[BlackClock "0:01:21"]

1. e4 c6 2. d4 d5 3. e5 Bf5 4. Nf3 e6 5. Be2 a6 6. O-O h6 7. Nbd2 Nd7 8. a4 Ne7 9. Nb3 Bg6 10. Bd2 Nf5 11. a5 c5 12. c4 dxc4 13. Bxc4 cxd4 14. Qe2 Bc5 15. Rac1 Ba7 16. Bb4 Nb8 17. Rfd1 Nc6 18. Ba3 Bh5 19. Bxa6 bxa6 20. Rxc6 Qd5 21. Qxa6 Qxb3 22. Rc8+ Kd7 23. Qc6# 1-0


[Site "https://www.chess.com"]

[Event "Titled Tuesday Blitz April 26 Early 2022"]
[White "Li, Ben"]
[Black "Koellner, Ruben Gideon"]
[WhiteFideId "2089980"]
[BlackFideId "12993093"]
[WhiteElo "2267"]
[BlackElo "2575"]
[Result "0-1"]
[Round "05"]
[TimeControl "180+1"]
[Date "2022.04.26"]
[WhiteClock "0:00:11"]
[BlackClock "0:00:25"]

1. d4 d6 2. e4 Nf6 3. Nc3 e5 4. dxe5 dxe5 5. Qxd8+ Kxd8 6. Bg5 Be6 7. g3 h6 8. Bxf6+ gxf6 9. f4 exf4 10. gxf4 Bd6 11. O-O-O Bg4 12. Be2 Bxe2 13. Ngxe2 Nd7 14. Rhg1 Ke8 15. Nb5 Ke7 16. Nxd6 cxd6 17. Ng3 Rag8 18. Nf5+ Kf8 19. Nxd6 Rxg1 20. Rxg1 Nc5 21. b4 Ne6 22. Nxb7 Nxf4 23. Kb2 Ke7 24. Na5 Rc8 25. c4 Nd3+ 26. Kc3 Ne5 27. c5 Rd8 28. Nb3 Rd3+ 29. Kc2 Re3 30. b5 Rxe4 31. c6 Re2+ 32. Kc3 Rxa2 33. Rd1 Rg2 34. Kb4 Rg4+ 35. Ka5 Rc4 36. Nd4 Kd6 37. Nf5+ Kc7 38. Ne7 Rc2 39. Nd5+ Kc8 40. Rg1 Nxc6+ 41. bxc6 Rc5+ 42. Ka6 Rxd5 43. Rg7 Rc5 44. Rxf7 Rxc6+ 45. Kxa7 Rc7+ 0-1


[Site "https://www.chess.com"]

[Event "Titled Tuesday Blitz April 26 Early 2022"]
[White "Ljukin, Sergei"]
[Black "Todorovic, Bojan"]
[WhiteFideId "14102200"]
[BlackFideId "917087"]
[WhiteElo "2312"]
[BlackElo "2266"]
[Result "1/2-1/2"]
[Round "05"]
[TimeControl "180+1"]
[Date "2022.04.26"]
[WhiteClock "0:00:05"]
[BlackClock "0:00:08"]

1. e4 e5 2. Nf3 Nc6 3. Bb5 Nf6 4. Qe2 Be7 5. c3 d6 6. O-O O-O 7. d4 Bd7 8. Rd1 a6 9. Bc4 Bg4 10. h3 Bh5 11. Bg5 Re8 12. d5 Nb8 13. g4 Bg6 14. Bd3 Nxd5 15. Bxe7 Nxe7 16. c4 Nbc6 17. Nc3 Nd4 18. Nxd4 exd4 19. Nd5 Nxd5 20. cxd5 c5 21. dxc6 bxc6 22. f4 Bxe4 23. Bxe4 d5 24. Rxd4 Qb6 25. Qf2 dxe4 26. Re1 e3 27. Rxe3 Rxe3 28. Qxe3 Qxb2 29. Rd2 Qb1+ 30. Kh2 h6 31. Qc5 Qe4 32. Qd6 c5 33. f5 c4 34. f6 c3 35. Rf2 c2 36. Qc5 Rd8 37. Qxc2 Qe5+ 38. Kg2 gxf6 39. Qf5 Rd5 40. Qxf6 Qe4+ 41. Kh2 Qe5+ 42. Qxe5 Rxe5 43. Kg3 Ra5 44. Kf4 Kg7 45. h4 Ra4+ 46. Kf5 Ra5+ 47. Kf4 Ra4+ 48. Kf5 Ra5+ 49. Kf4 1/2-1/2


[Site "https://www.chess.com"]

[Event "Titled Tuesday Blitz April 26 Early 2022"]
[White "Maksimovic, Bojan"]
[Black "Martinez Alcantara, Jose Eduardo"]
[WhiteFideId "14408120"]
[BlackFideId "3805662"]
[WhiteElo "2448"]
[BlackElo "2690"]
[Result "0-1"]
[Round "05"]
[TimeControl "180+1"]
[Date "2022.04.26"]
[WhiteClock "0:00:12"]
[BlackClock "0:00:17"]

1. e4 c5 2. Nf3 d6 3. d4 cxd4 4. Nxd4 Nf6 5. Nc3 Nc6 6. Bg5 e6 7. Qd2 a6 8. O-O-O Bd7 9. f3 Nxd4 10. Qxd4 Be7 11. h4 Bc6 12. Be2 h6 13. Be3 b5 14. g4 e5 15. Qd2 b4 16. Nd5 Nxd5 17. exd5 Bb5 18. Bxb5+ axb5 19. Qxb4 Qd7 20. Kb1 O-O 21. b3 Bd8 22. Qe4 Ba5 23. h5 Qc7 24. Bc1 Bc3 25. a3 Qc5 26. Rd3 Rfc8 27. Rxc3 Qxc3 28. Rd1 Qc5 29. Bb2 Qf2 30. Qd3 Rc5 31. Rf1 Qg2 32. Rc1 Rac8 33. b4 Rc4 34. Qe3 f6 35. Qd3 Qf2 36. Rf1 Qh2 37. c3 Qg2 38. Rd1 e4 39. fxe4 Qxe4 40. Qxe4 Rxe4 41. Rg1 Rcc4 42. Kc2 Rxg4 43. Rd1 f5 44. Kb3 Rc8 45. a4 bxa4+ 46. Kxa4 f4 47. Rd4 g6 48. hxg6 h5 49. c4 f3 50. Rxg4 hxg4 51. Kb5 f2 52. c5 f1=Q+ 53. Kb6 Qc4 54. Kb7 Qxb4+ 55. Kxc8 Qxc5+ 56. Kd7 Qxd5 57. g7 g3 58. Be5 dxe5+ 59. Kc7 e4 60. Kb8 e3 61. Ka7 Qb3 62. Ka8 Kxg7 63. Ka7 Kf7 64. Ka8 Ke7 65. Ka7 Kd7 66. Ka8 Kc7 67. Ka7 Qa3# 0-1


[Site "https://www.chess.com"]

[Event "Titled Tuesday Blitz April 26 Early 2022"]
[White "Mangialardo, Tiago Carvalho"]
[Black "Brahami, Lamine"]
[WhiteFideId "2130718"]
[BlackFideId "7905637"]
[WhiteElo "2052"]
[BlackElo "1937"]
[Result "0-1"]
[Round "05"]
[TimeControl "180+1"]
[Date "2022.04.26"]
[WhiteClock "0:00:01"]
[BlackClock "0:01:16"]

1. e4 c5 2. Nf3 d6 3. Bb5+ Bd7 4. Bxd7+ Qxd7 5. O-O g6 6. c3 Nf6 7. Qe2 Nc6 8. d4 cxd4 9. cxd4 Bg7 10. Nc3 O-O 11. Bg5 h6 12. Bh4 Nh5 13. e5 dxe5 14. dxe5 Qe6 15. Rfe1 Rad8 16. Qe4 Rd7 17. g4 g5 18. Bxg5 hxg5 19. Nxg5 Qh6 20. h4 Rd4 21. Qf3 Nf4 22. Re4 Nxe5 23. Rxe5 Bxe5 24. Qg3 Ne2+ 25. Nxe2 Bxg3 26. fxg3 Rxg4 0-1


[Site "https://www.chess.com"]

[Event "Titled Tuesday Blitz April 26 Early 2022"]
[White "Martin, Lewis"]
[Black "Martin Carmona, Gaston Manuel"]
[WhiteFideId "410551"]
[BlackFideId "22284567"]
[WhiteElo "2145"]
[BlackElo "2146"]
[Result "0-1"]
[Round "05"]
[TimeControl "180+1"]
[Date "2022.04.26"]
[WhiteClock "0:00:09"]
[BlackClock "0:00:13"]

1. e4 c5 2. Nf3 d6 3. d4 cxd4 4. Nxd4 Nf6 5. Nc3 a6 6. Bg5 e6 7. f4 Be7 8. Qf3 Qc7 9. O-O-O Nbd7 10. Bd3 b5 11. Rhe1 Bb7 12. Qh3 b4 13. Na4 Nc5 14. Nxc5 dxc5 15. Nxe6 fxe6 16. Qxe6 Qc6 17. Qe5 c4 18. Bxf6 gxf6 19. Qh5+ Kf8 20. Bf1 h6 21. Rd4 c3 22. Bc4 Rh7 23. Qg6 Rg7 24. Qxh6 Qxc4 25. Rxc4 cxb2+ 26. Kxb2 Re8 27. e5 f5 28. e6 Kg8 29. g3 Rf8 30. Qh5 Bd5 31. Rd4 Bf6 32. Rd1 Bxe6 33. Kb1 Bxd4 34. Rxd4 a5 35. Rd6 Bf7 36. Qh4 Re8 37. Rh6 Kf8 38. Rh8+ Bg8 39. Qf6+ Rf7 40. Qd6+ Rfe7 41. h4 a4 42. h5 a3 43. h6 Kf7 44. Qd5+ Kf6 45. Qd4+ Kg6 46. Qd6+ Re6 47. Rxg8+ Kh7 48. Rg7+ Kxh6 49. Qd1 Re1 50. Rd7 Rxd1+ 51. Rxd1 Kh5 52. Kc1 Re4 53. Rd3 Kg4 54. Kd2 Rc4 55. Re3 Rd4+ 56. Ke2 Rc4 57. Kd2 Rd4+ 58. Ke2 Kh3 59. Kf3 Rd2 60. Re8 Kh2 61. Rh8+ Kg1 62. g4 fxg4+ 63. Kxg4 Rxc2 64. f5 Rxa2 65. f6 Rg2+ 66. Kf5 Rf2+ 67. Ke6 b3 68. Ra8 a2 69. Ra3 b2 70. Rxa2 b1=Q 71. Rxf2 Kxf2 72. f7 Qb4 0-1


[Site "https://www.chess.com"]

[Event "Titled Tuesday Blitz April 26 Early 2022"]
[White "Mihailidis, Anastasios"]
[Black "Ferreira, Vitor Hugo Vieira"]
[WhiteFideId "4205588"]
[BlackFideId "2119765"]
[WhiteElo "2312"]
[BlackElo "2165"]
[Result "0-1"]
[Round "05"]
[TimeControl "180+1"]
[Date "2022.04.26"]
[WhiteClock "0:00:25"]
[BlackClock "0:01:22"]

1. e4 c5 2. Nf3 d6 3. d4 cxd4 4. Nxd4 Nf6 5. f3 a6 6. c4 g6 7. Nc3 Bg7 8. Be3 O-O 9. Be2 Nc6 10. O-O Bd7 11. Qd2 Rc8 12. Rac1 Ne5 13. b3 Qa5 14. Rfd1 Rfd8 15. Kh1 h5 16. Bf1 h4 17. Rc2 b5 18. cxb5 axb5 19. Rdc1 h3 20. Ncxb5 hxg2+ 21. Kxg2 Rxc2 22. Rxc2 Qa8 23. Be2 Nxe4 24. fxe4 Qxe4+ 25. Bf3 Nxf3 26. Nxf3 Bxb5 27. Rc1 Bc6 28. Qf2 Qg4+ 29. Qg3 Bxf3+ 30. Kf2 Qxg3+ 31. hxg3 Bd5 32. Rc7 Bf6 33. Ke2 Ra8 34. Ba7 e6 35. Kd3 Bd8 36. Rd7 Bc6 37. Rxd6 Bb5+ 38. Ke4 Bc7 39. a4 Bxd6 40. axb5 Rxa7 0-1


[Site "https://www.chess.com"]

[Event "Titled Tuesday Blitz April 26 Early 2022"]
[White "Mikhnenko, Alexander"]
[Black "Ciorgovean, Iustin"]
[WhiteFideId "34143014"]
[BlackFideId "1242911"]
[WhiteElo "2117"]
[BlackElo "2075"]
[Result "0-1"]
[Round "05"]
[TimeControl "180+1"]
[Date "2022.04.26"]
[WhiteClock "0:00:04"]
[BlackClock "0:00:13"]

1. e4 e5 2. Nf3 Nc6 3. Bb5 a6 4. Ba4 Nf6 5. Qe2 b5 6. Bb3 Be7 7. O-O O-O 8. c3 d6 9. Rd1 Na5 10. Bc2 c5 11. d4 Qc7 12. h3 Re8 13. d5 Bd7 14. Nbd2 g6 15. a4 Bf8 16. Nf1 Bg7 17. g4 h5 18. g5 Nh7 19. Kh2 c4 20. Ng3 Nb3 21. Bxb3 cxb3 22. a5 Qc4 23. Be3 Rec8 24. Nd2 Qc7 25. Nxb3 Qd8 26. h4 f6 27. Rg1 fxg5 28. hxg5 Qe7 29. Qf3 Nxg5 30. Qg2 Bg4 31. f3 Nxf3+ 32. Kh1 Qh4+ 0-1


[Site "https://www.chess.com"]

[Event "Titled Tuesday Blitz April 26 Early 2022"]
[White "Mirzoev, Azer"]
[Black "Migot, Tangi"]
[WhiteFideId "13400304"]
[BlackFideId "662445"]
[WhiteElo "2525"]
[BlackElo "2544"]
[Result "1-0"]
[Round "05"]
[TimeControl "180+1"]
[Date "2022.04.26"]
[WhiteClock "0:00:20"]
[BlackClock "0:00:11"]

1. c4 c5 2. Nc3 b6 3. Nf3 Bb7 4. d4 cxd4 5. Nxd4 d6 6. f3 Nd7 7. e4 Ngf6 8. Be3 e6 9. Be2 Be7 10. O-O O-O 11. Qd2 a6 12. Rfd1 Rc8 13. a4 Re8 14. Kh1 Bf8 15. Bf1 Qc7 16. Bf2 h5 17. a5 bxa5 18. Nb3 d5 19. exd5 exd5 20. Nxa5 dxc4 21. Nxc4 Bb4 22. Bg3 Qc5 23. Nd6 Rb8 24. Nxe8 Rxe8 25. Bd6 Qb6 26. Bxb4 Qxb4 27. Ne4 Qxd2 28. Nxf6+ Nxf6 29. Rxd2 Re6 30. Kg1 h4 31. h3 Rb6 32. Ra5 g6 33. Bc4 Kf8 34. b3 Ke7 35. Rd4 Nd7 36. Rxh4 Rd6 37. Rh7 Rf6 38. h4 Nb8 39. h5 Nc6 40. Rc5 gxh5 41. Rcxh5 Nd4 42. R5h6 Rf5 43. Bxa6 Bd5 44. Bc4 Bc6 45. Rh4 Nc2 46. R4h5 Rf6 47. R5h6 Nd4 48. Rxf6 Kxf6 49. Rxf7+ 1-0


[Site "https://www.chess.com"]

[Event "Titled Tuesday Blitz April 26 Early 2022"]
[White "Molina, Roberto Junio Brito"]
[Black "Sharapov, Evgeny"]
[WhiteFideId "2109450"]
[BlackFideId "14103133"]
[WhiteElo "2432"]
[BlackElo "2367"]
[Result "1-0"]
[Round "05"]
[TimeControl "180+1"]
[Date "2022.04.26"]
[WhiteClock "0:01:46"]
[BlackClock "0:00:44"]

1. d4 d5 2. e3 c6 3. Nf3 Nf6 4. Be2 g6 5. O-O Bg7 6. b3 Bg4 7. Ba3 O-O 8. c4 Re8 9. Nbd2 e6 10. Qc2 Nbd7 11. Qb2 a6 12. h3 Bxf3 13. Nxf3 b5 14. Rac1 bxc4 15. bxc4 Rb8 16. Qc2 Qa5 17. Bd6 Rb7 18. cxd5 cxd5 19. Qc6 Rb6 20. Bc7 Rxc6 21. Bxa5 Rec8 22. Rxc6 Rxc6 23. Bd3 Ne4 24. Rb1 Nd6 25. Bb4 Bf8 26. g4 Nc4 27. Bxf8 Kxf8 28. Rb7 Ke7 29. Bxc4 dxc4 30. Ne5 Rd6 31. Nxc4 Rd5 32. Nb6 Rd6 33. Nc8+ 1-0


[Site "https://www.chess.com"]

[Event "Titled Tuesday Blitz April 26 Early 2022"]
[White "Moroni, Luca Jr"]
[Black "Sarana, Alexey"]
[WhiteFideId "865834"]
[BlackFideId "24133795"]
[WhiteElo "2573"]
[BlackElo "2666"]
[Result "1-0"]
[Round "05"]
[TimeControl "180+1"]
[Date "2022.04.26"]
[WhiteClock "0:00:04"]
[BlackClock "0:00:03"]

1. d4 Nf6 2. c4 e6 3. Nc3 Bb4 4. Nf3 d5 5. cxd5 exd5 6. Bf4 Ne4 7. Rc1 Nc6 8. Nd2 Nxc3 9. bxc3 Bd6 10. Bxd6 Qxd6 11. e3 Ne7 12. Bd3 O-O 13. c4 c6 14. O-O Be6 15. Qb3 Qd7 16. cxd5 Nxd5 17. Qb2 Nf6 18. Rb1 b6 19. Ne4 Nxe4 20. Bxe4 Rac8 21. Rfc1 c5 22. dxc5 bxc5 23. Qc2 f5 24. Rb7 Qd6 25. Bf3 c4 26. Rd1 Qe5 27. Re7 Rfd8 28. Rxd8+ Rxd8 29. Qxc4 Qa1+ 30. Qf1 Qxa2 31. h3 Rb8 32. Qd3 Qa1+ 33. Kh2 Qe5+ 34. g3 Kf8 35. Qa3 Kg8 36. Qxa7 Rf8 37. Qb7 Rf6 38. Re8+ Rf8 39. Rxe6 Qxe6 40. Bd5 Qf7 41. Bxf7+ Rxf7 42. Qd5 1-0


[Site "https://www.chess.com"]

[Event "Titled Tuesday Blitz April 26 Early 2022"]
[White "Moskalenko, Alexander"]
[Black "Maghsoodloo, Parham"]
[WhiteFideId "4155351"]
[BlackFideId "12539929"]
[WhiteElo "2434"]
[BlackElo "2630"]
[Result "0-1"]
[Round "05"]
[TimeControl "180+1"]
[Date "2022.04.26"]
[WhiteClock "0:00:02"]
[BlackClock "0:00:08"]

1. e4 c5 2. Nf3 d6 3. d4 cxd4 4. Nxd4 Nf6 5. Nc3 a6 6. h3 e5 7. Nf3 Be7 8. Bc4 Be6 9. Bb3 Nbd7 10. O-O h6 11. Re1 O-O 12. Nh4 Re8 13. Ng6 Nc5 14. Nxe7+ Qxe7 15. Nd5 Nxd5 16. Bxd5 Rac8 17. Be3 b5 18. c3 Na4 19. Re2 Red8 20. Rc1 Qe8 21. Rec2 Rc7 22. b3 Nc5 23. b4 Bxd5 24. Qxd5 Na4 25. c4 Rdc8 26. Qd3 Qd7 27. cxb5 Rxc2 28. Rxc2 Rxc2 29. Qxc2 axb5 30. g4 Kf8 31. Kg2 Ke7 32. a3 Qb7 33. f3 Kd7 34. Qb3 Ke8 35. Qc2 Ke7 36. h4 Qd7 37. h5 Kd8 38. g5 hxg5 39. Bxg5+ f6 40. Be3 Qc7 41. Qd3 Qc6 42. Kg3 Nb2 43. Qb3 Nc4 44. Kf2 Qa6 0-1


[Site "https://www.chess.com"]

[Event "Titled Tuesday Blitz April 26 Early 2022"]
[White "Moussard, Jules"]
[Black "Le, Tuan Minh"]
[WhiteFideId "642908"]
[BlackFideId "12401153"]
[WhiteElo "2589"]
[BlackElo "2450"]
[Result "1/2-1/2"]
[Round "05"]
[TimeControl "180+1"]
[Date "2022.04.26"]
[WhiteClock "0:00:12"]
[BlackClock "0:00:05"]

1. e4 c5 2. Nf3 Nf6 3. e5 Nd5 4. Nc3 e6 5. Nxd5 exd5 6. d4 Nc6 7. dxc5 Bxc5 8. Bd3 d6 9. exd6 Qxd6 10. O-O O-O 11. h3 Re8 12. c3 Bd7 13. Kh1 Bb6 14. Bg5 h6 15. Bh4 Qf4 16. Bg3 Qf6 17. Kh2 Bf5 18. Qc2 Be4 19. Nd2 Bxd3 20. Qxd3 d4 21. Ne4 Qg6 22. Rfe1 dxc3 23. bxc3 Rad8 24. Qf3 Ne5 25. Bxe5 Rxe5 26. Ng3 Red5 27. Re2 h5 28. Rae1 h4 29. Nf1 Rf5 30. Qxb7 Bxf2 31. Qc7 Rd3 32. Re8+ Kh7 33. Qb8 Bg3+ 34. Nxg3 Qxg3+ 35. Qxg3 hxg3+ 36. Kg1 Rxc3 37. R8e3 Rfc5 38. Kf1 Rxe3 39. Rxe3 Rc1+ 40. Ke2 Rc2+ 41. Kf3 Rxa2 42. Kxg3 a5 43. Re7 Kg6 44. Ra7 a4 45. Kf3 a3 46. g4 Ra1 47. h4 a2 48. Kg2 Kf6 49. Ra6+ Ke5 50. Ra5+ Kd4 51. g5 Ke4 52. h5 Rb1 53. Rxa2 Kf5 54. Ra5+ Kg4 55. h6 Rb2+ 56. Kg1 gxh6 57. gxh6 Rb8 58. Ra7 Rf8 59. h7 Rh8 60. Rxf7 Kg5 61. Kg2 Kg6 62. Ra7 Rxh7 63. Rxh7 Kxh7 1/2-1/2


[Site "https://www.chess.com"]

[Event "Titled Tuesday Blitz April 26 Early 2022"]
[White "Murthy, Pappu"]
[Black "Lakshmi C"]
[WhiteFideId "2013401"]
[BlackFideId "25035347"]
[WhiteElo "1970"]
[BlackElo "1775"]
[Result "1-0"]
[Round "05"]
[TimeControl "180+1"]
[Date "2022.04.26"]
[WhiteClock "0:01:08"]
[BlackClock "0:00:10"]

1. c4 Nf6 2. Nc3 g6 3. e4 e5 4. g3 Bg7 5. Bg2 d6 6. Nge2 Be6 7. d3 Nfd7 8. O-O f5 9. Be3 Nc6 10. Nd5 O-O 11. Qd2 Nf6 12. Bg5 Qd7 13. Nec3 Nd4 14. Rae1 c6 15. Nxf6+ Bxf6 16. exf5 Bxf5 17. Ne4 Bg7 18. b3 Bh3 19. f4 h6 20. Bh4 exf4 21. gxf4 Qg4 22. Bg3 h5 23. Nf2 Nf3+ 24. Bxf3 Qxf3 25. Nxh3 Qg4 26. Nf2 Bd4 27. Kg2 h4 28. Nxg4 hxg3 29. hxg3 Rf5 30. Nh6+ Kg7 31. Nxf5+ gxf5 32. Re7+ Kf6 33. Rxb7 Rg8 34. Qe2 Rg6 35. Qe7# 1-0


[Site "https://www.chess.com"]

[Event "Titled Tuesday Blitz April 26 Early 2022"]
[White "Narayanan, Srinath"]
[Black "Chuemsakul, Sarocha"]
[WhiteFideId "5018420"]
[BlackFideId "6203710"]
[WhiteElo "2472"]
[BlackElo "1703"]
[Result "1-0"]
[Round "05"]
[TimeControl "180+1"]
[Date "2022.04.26"]
[WhiteClock "0:00:36"]
[BlackClock "0:00:02"]

1. d4 Nf6 2. Nf3 g6 3. c4 Bg7 4. Nc3 d6 5. g3 O-O 6. Bg2 c5 7. O-O Nc6 8. dxc5 dxc5 9. Be3 Nd7 10. Qc1 e6 11. Rd1 Qe7 12. Ne4 b6 13. Nd6 Rb8 14. Bg5 f6 15. Bh6 Nce5 16. Bxg7 Kxg7 17. Nh4 Nf7 18. Nb5 Nde5 19. f4 Ng4 20. h3 Ngh6 21. Qc3 Bb7 22. Nf3 a6 23. Na3 Rfd8 24. Rxd8 Rxd8 25. Re1 Nf5 26. Kf2 Nd4 27. Nc2 Nxf3 28. exf3 Qd6 29. Re2 Nh6 30. h4 Nf5 31. Bh3 Nd4 32. Nxd4 cxd4 33. Qd3 f5 34. Re5 Kf6 35. h5 Qb4 36. Qe2 Rd6 37. hxg6 hxg6 38. a3 Qb3 39. c5 bxc5 40. Rxc5 d3 41. Qe5+ Ke7 42. Rc7+ Rd7 43. Qg7+ 1-0


[Site "https://www.chess.com"]